 Dungeon Crawl Stone Soup version 0.30.1-11-g7821555f0a (webtiles) character file.

Game seed: 4158213143477874669

41 Heoruswealwe the Conjurer (level 3, -7/19 HPs)
             Began as a Deep Elf Conjurer on Jan 11, 2024.
             Mangled by a worm (9 damage)
             ... on level 2 of the Dungeon.
             The game lasted 00:10:41 (1027 turns).

Heoruswealwe the Conjurer (Deep Elf Conjurer)       Turns: 1027, Time: 00:10:43

Health: -7/19      AC:  3    Str:  4    XL:     3   Next: 32%
Magic:  0/10       EV: 12    Int: 24    God:
Gold:   54         SH:  0    Dex: 13    Spells: 7/10 levels left

rFire   . . .        a - +0 rapier
rCold   . . .        (no shield)
rNeg    . . .        c - +0 robe
rPois   .            (no helmet)
rElec   .            (no cloak)
rCorr   .            f - +0 pair of gloves
SInv    .            (no boots)
Will    .....        (no amulet)
Stlth   ++           (no ring)
HPRegen 0.23/turn    (no ring)
MPRegen 0.12/turn

%: no passive effects
@: no status effects
A: no striking features
a: no special abilities


You were on level 2 of the Dungeon.
You visited 1 branch of the dungeon, and saw 2 of its levels.

You collected 54 gold pieces.

Inventory:

Hand Weapons
 a - a +0 rapier (weapon)
Armour
 c - a +0 robe (worn)
 f - a +0 pair of gloves (worn)
Jewellery
 i - a +5 ring of evasion
Scrolls
 d - a scroll of vulnerability {unknown}
 h - a scroll of magic mapping {unknown}
 k - 2 scrolls of identify {unknown}
 l - a scroll of enchant weapon {unknown}
 m - a scroll of fog {unknown}
Potions
 b - a potion of magic
 e - a potion of curing {unknown}
 g - a potion of lignification {unknown}
 j - 2 potions of heal wounds {unknown}


   Skills:
 - Level 2.4 Dodging
 - Level 2.4 Stealth
 + Level 4.2 Spellcasting
 + Level 5.1 Conjurations


You had 7 spell levels left.
You knew the following spells:

 Your Spells              Type           Power      Damage    Failure   Level
a - Magic Dart            Conj           100%       1d8       1%          1
b - Searing Ray           Conj           58%        2d6       1%          2

Your spell library contained the following spells:

 Spells                   Type           Power      Damage    Failure   Level
 Dazzling Flash           Conj/Hex       34%        N/A       10%         3
 Sublimation of Blood     Necr           5%         N/A       14%         2
 Wereblood                Tmut           5%         N/A       14%         2
 Fulminant Prism          Conj/Hex       8%         3d7       32%         4
 Iskenderun's Mystic Bla  Conj/Tloc      17%        2d5       32%         4
 Summon Hydra             Summ           2%         N/A       100%        7


Dungeon Overview and Level Annotations

Branches:
Dungeon (2/15)

Altars:
Elyvilon


Message History

a +1 antimagic dagger; a goblin corpse The hobgoblin shouts!
The magic dart hits the hobgoblin but does no damage.
A dart slug comes into view.
You completely miss the hobgoblin. The hobgoblin closely misses you.
You hit the hobgoblin.
The hobgoblin is lightly wounded.
The hobgoblin closely misses you.
A worm comes into view.
You barely miss the hobgoblin.
The hobgoblin is lightly wounded.
The hobgoblin hits you.
You hit the hobgoblin.
The hobgoblin is severely wounded.
The hobgoblin barely misses you.
You closely miss the hobgoblin.
The hobgoblin is severely wounded.
The hobgoblin misses you. The hobgoblin hits you.
You hit the hobgoblin.
You kill the hobgoblin!
A ball python comes into view.
You hit the worm.
The worm is lightly wounded.
The worm bites you!
You hit the worm.
The worm is moderately wounded.
You barely miss the worm.
The worm is moderately wounded.
The worm bites you!
* * * LOW HITPOINT WARNING * * *
Casting: Magic Dart (safe; 1% risk of failure)
Confirm with . or Enter, or press ? or * to list all spells.
Aiming: Searing Ray (safe; 1% risk of failure)
Press: ? - help, Shift-Dir - straight line, f - worm
Aim: a worm (moderately wounded, 93% to hit)
The searing ray hits the worm!
The worm is almost dead. (Press . to maintain the ray.)
The worm bites you!
You die...

.... #..# .. ..#
## ##.. #..
.#####..# ###
...######<.......
##
.........##...#
..#####.
.8.....8.##)#
........
.........)..#
##.....#
.......w)####
####...
....>...@# #...
.........# ##..
.........# #..
.8.....8.# #...
.........# ....
...$###### #.##
...# .<.


You could see a worm.

Vanquished Creatures
  A gnoll (D:2)
  An adder (D:2)
  2 bats
  An endoplasm (D:1)
  A giant cockroach (D:1)
  2 goblins (D:2)
  3 hobgoblins
  2 quokkas (D:1)
  2 ball pythons (D:1)
  3 frilled lizards
  3 kobolds
  3 rats
24 creatures vanquished.

Notes
Turn   | Place    | Note
-------+----------+-------------------------------------------
     0 | D:1      | Heoruswealwe the Deep Elf Conjurer began the quest for the
                  | Orb.
     0 | D:1      | Reached XP level 1. HP: 10/10 MP: 6/6
   447 | D:1      | Reached XP level 2. HP: 15/15 MP: 5/8
   450 | D:1      | Learned a level 2 spell: Searing Ray
   913 | D:2      | Found a faded altar of an unknown god.
   955 | D:2      | Found a white marble altar of Elyvilon.
   995 | D:2      | Reached skill level 5 in Conjurations
   995 | D:2      | Reached XP level 3. HP: 19/19 MP: 4/10
  1027 | D:2      | Mangled by a worm

Illustrated notes

Levels and vault maps discovered:
D:1:      dpeg_arrival_rooms_with_view, layout_basic,
          minmay_misc_feat_nine_boxes, serial_park_tiny_1, minmay_distorted
D:2:      layout_rooms, basic_altar, chequers_ecumenical_altar_island,
          roderic_lattice_a, kennysheep_decorative_pillar, st_stairs_1

Skill      XL: |  1  2 |
---------------+-------+-----
Spellcasting   | 4 |  4.2
Conjurations   | 5 |  5.1
Dodging        | |  2.4
Stealth        | |  2.4

Action                     || total
---------------------------++-------
  Melee: Rapier            ||   171
         Punch             ||     2
   Cast: Magic Dart        ||    31
         Searing Ray       ||     2
  Dodge: Dodged            ||     8
